AoeStats
← aal4493

Arabia

510716914Analyzed
1v1 RM · 1d ago on Oct 2, 2026· 49m 28s· 2 players
Game mode
Random Map
Map size
Tiny (2 player)
Population
200
Speed
Normal
Resources
Standard
Victory
Conquest
Starting age
Dark Age
Ending age
Imperial Age
RankedLock teamsTeams togetherTeam positionsShared explorationLock speedFull tech treeHidden civsTurbo modeCheats
Victory
Defeat
🇲🇪 Persians · Montenegro
316
+14
🇮🇳 Varangians · India
269
-14
aal4493
11:21 Feudal Age
14:07 Wheelbarrow
14:28 Town Watch
14:34 Horse Collar
14:46 Double-Bit Axe
15:00 Man-at-Arms
17:14 Horse Collar
21:08 Gold Mining
23:30 Bloodlines
27:21 Castle Age
28:11 Elite Skirmisher
29:06 Long Swordsman
29:41 Fletching
30:02 Forging
30:14 Hand Cart
30:21 Pikeman
32:22 Squires
32:20 Bodkin Arrow
32:26 Padded Archer Armor
33:05 Iron Casting
32:33 Scale Mail Armor
33:22 Husbandry
33:34 Scale Barding Armor
33:34 Town Patrol
35:43 Gambesons
38:16 Heavy Plow
38:32 Bow Saw
39:19 Stone Mining
41:17 Stone Shaft Mining
40:17 Vendel Legacy
48:07 Imperial Age
46:22 Chain Mail Armor
46:28 Chain Barding Armor
47:14 Murder Holes
49:08 Halberdier
ljubob
13:13 Feudal Age
15:02 Wheelbarrow
17:08 Castle Age
15:57 Gold Mining
15:58 Double-Bit Axe
16:03 Horse Collar
16:45 Forging
19:12 Hand Cart
27:42 Scale Barding Armor
27:38 Padded Archer Armor
29:23 Herbal Medicine
29:33 Heavy Plow
31:37 Kamandaran
32:58 Loom
36:33 Crossbowman
37:19 Thumb Ring
37:40 Parthian Tactics
44:04 Imperial Age
43:15 Stone Mining
44:03 Gold Shaft Mining
43:48 Light Cavalry
44:39 Bloodlines
44:53 Citadels
47:07 Elite War Elephant
47:18 Elite War Elephant
48:35 Hoardings
47:31 Sappers
47:39 Sappers
48:30 Conscription
49:21 Crop Rotation
49:04 Bow Saw
49:13 Leather Archer Armor
Connection lost

Rejoining the realm…

Still unreachable

The connection could not be restored.

Session expired

The server has moved on; the page needs a fresh start.